 Dungeon Crawl Stone Soup version 0.25-a0-1133-g93ebf739aa (webtiles) character file.

Game seed: 12763562597597726998, levelgen mode: deterministic

436 vurker the Ducker (level 7, -3/52 HPs)
             Began as a Human Artificer on May 20, 2020.
             Slain by an ogre
             ... wielding a +0 giant club
              (22 damage)
             ... on level 4 of the Dungeon.
             The game lasted 00:06:48 (5391 turns).

vurker the Ducker (Human Artificer)                 Turns: 5391, Time: 00:06:48

Health: -3/52      AC: 10    Str: 14    XL:     7   Next: 21%
Magic:  19/19      EV:  8    Int: 17    God:
Gold:   151        SH:  0    Dex: 14    Spells: 6/6 levels left

rFire    . . .     SeeInvis .   a - +0 short sword
rCold    . . .     Gourm    .   (no shield)
rNeg     . . .     Faith    +   k - +0 chain mail
rPois    .         Spirit   .   s - +0 helmet
rElec    .         Reflect  .   (no cloak)
rCorr    .         Harm     .   (no gloves)
MR       .....                  (no boots)
Stlth    ..........             y - amulet of faith
HPRegen  0.17/turn              i - +6 ring of intelligence
MPRegen  0.16/turn              n - ring of magical power

@: no status effects
A: no striking features
a: no special abilities


You were on level 4 of the Dungeon.
You were near starving.

You visited 1 branch of the dungeon, and saw 4 of its levels.

You collected 151 gold pieces.

Inventory:

Hand Weapons
 a - a +0 short sword (weapon)
Armour
 k - a +0 chain mail (worn)
   (You found it on level 1 of the Dungeon)
 s - a +0 helmet (worn)
   (You took it off Robin on level 2 of the Dungeon)
 x - a -2 pair of boots
   (You found it on level 3 of the Dungeon)
Jewellery
 h - an uncursed ring of flight
   (You found it on level 1 of the Dungeon)
 i - a +6 ring of intelligence (left hand)
   (You found it on level 3 of the Dungeon)
 n - a ring of magical power (right hand)
   (You found it on level 1 of the Dungeon)
 y - an amulet of faith (around neck)
   (You found it on level 3 of the Dungeon)
Wands
 d - a wand of enslavement (15)
Scrolls
 c - 2 scrolls of blinking
 l - 5 scrolls of teleportation
 m - a scroll of amnesia {unknown}
 q - a scroll of noise {unknown}
 u - a scroll of remove curse
 w - a scroll of fog {unknown}
Potions
 b - a potion of brilliance {unknown}
 g - a potion of degeneration {unknown}
 j - 3 potions of lignification
 o - a potion of heal wounds {unknown}
 p - 4 potions of curing
 r - a potion of might {unknown}
 z - a potion of stabbing {unknown}
Comestibles
 e - 5 rations


   Skills:
 + Level 3.1 Fighting
 - Level 1.0 Short Blades
 + Level 2.8 Armour
 * Level 4.7 Dodging
 - Level 1.0 Stealth
 + Level 4.3 Evocations


You had 6 spell levels left.
You didn't know any spells.
Your spell library was empty.

Dungeon Overview and Level Annotations

Branches:
Dungeon (4/15)
 Temple: D:4-7

Altars:
Ru


Message History

You hit the orc.
You feel sick. The orc hits you but does no damage.
You barely miss the orc. The orc closely misses you.
Your chain mail prevents you from hitting the orc.
The orc closely misses you.
You hit the orc but do no damage.
You feel sick. The orc hits you but does no damage.
You hit the orc.
You kill the orc!
You hit the orc but do no damage. The orc barely misses you.
You barely miss the orc. The orc hits you with a +0 flail.
* * * LOW HITPOINT WARNING * * *
You closely miss the orc.
You feel sick.
You are no longer poisoned.
You hit the orc. The orc hits you but does no damage.
You hit the orc but do no damage. The orc closely misses you.
You hit the orc but do no damage. The orc completely misses you.
You barely miss the orc. The orc hits you but does no damage.
You hit the orc.
You kill the orc!
Unknown command.
Items here: ))) [[[ There isn't anything to butcher here.
Okay, then.
You are feeling very hungry.
You are near starving!
Found a stone staircase leading down.
An ogre comes into view. It is wielding a +0 giant club.
An ogre is nearby!
The ogre hits you with a +0 giant club!
Aim: an ogre, wielding a +0 giant club (chance to defeat MR: 59%)
Okay, then.
You hit the ogre. The ogre barely misses you.
You barely miss the ogre. The ogre closely misses you.
You hit the ogre but do no damage. You hit the ogre.
The ogre hits you with a +0 giant club!
* * * LOW HITPOINT WARNING * * *
You hit the ogre but do no damage. The ogre hits you with a +0 giant club.
* * * LOW HITPOINT WARNING * * *
A worker ant comes into view.
You hit the ogre.
The worker ant waves its antennae.
The ogre completely misses you.
Your chain mail prevents you from hitting the ogre.
The ogre hits you but does no damage.
You hit the ogre. You hit the ogre. The ogre closely misses you.
You hit the ogre. The ogre barely misses you.
You barely miss the ogre.
The ogre hits you with a +0 giant club!!
You die...

#.# #.# #.# #.#
######.######
#....>......#
#.####.####.#
#.##...#####.#
#..#.....@Oa#
##.#...#####.# #.##..##
#......# ####...# #
#######...##########.#.#
........................
##........#####......#
#.............#.######


You could see an ogre and a worker ant.

Vanquished Creatures
  A hungry ghost (D:3)
  A hound (D:4)
  A centaur skeleton (D:4)
  Natasha (D:4)
  2 worker ants (D:4)
  Terence (D:2)
  Robin (D:2)
  A howler monkey skeleton (D:4)
  3 adders
  3 worms
  5 leopard geckos
  6 orcs
  2 giant cockroaches
  13 goblins
  8 hobgoblins
  11 jackals
  5 kobolds
  A quokka (D:2)
  A ball python (D:2)
  7 bats
  11 frilled lizards
  6 rats
91 creatures vanquished.

Notes
Turn   | Place    | Note
-------+----------+-------------------------------------------
     0 | D:1      | vurker the Human Artificer began the quest for the Orb.
     0 | D:1      | Reached XP level 1. HP: 15/15 MP: 3/3
   314 | D:1      | Reached XP level 2. HP: 21/21 MP: 4/4
   945 | D:1      | Reached XP level 3. HP: 26/26 MP: 5/5
  1449 | D:2      | Reached skill level 1 in Armour
  1835 | D:2      | Noticed Terence
  1839 | D:2      | Killed Terence
  1839 | D:2      | Reached XP level 4. HP: 33/33 MP: 6/6
  2135 | D:2      | Found a sacrificial altar of Ru.
  2285 | D:2      | Noticed Robin
  2530 | D:2      | Killed Robin
  3061 | D:2      | Reached XP level 5. HP: 16/38 MP: 7/7
  4448 | D:4      | Noticed a hungry ghost
  4515 | D:3      | Killed a hungry ghost
  4515 | D:3      | Reached XP level 6. HP: 19/46 MP: 9/9
  4753 | D:4      | Noticed Natasha
  4786 | D:4      | Killed Natasha
  4786 | D:4      | Reached XP level 7. HP: 13/52 MP: 10/10
  5391 | D:4      | Slain by an ogre

Illustrated notes

Levels and vault maps discovered:
D:1:      dpeg_arrival_more_subterranean_lakeside_camping, layout_basic
D:2:      layout_basic, nicolae_ru_great_annihilating_truth, uniq_robin,
          uniq_terence
D:3:      layout_rooms, first_ration, st_stairs_1, kennysheep_generic_room_16
D:4:      layout_loops_ring, kennysheep_mini, grunt_decor_arrowhead,
          uniq_natasha

Skill      XL: |  1  2  3  4  5  6 |
---------------+-------------------+-----
Armour         | 1 2 |  2.8
Dodging        | 3 4 |  4.7
Fighting       | 2 3 |  3.1
Evocations     | 4 |  4.3
Short Blades   | |  1.0
Stealth        | |  1.0

Action                   |  1- 3 |  4- 6 |  7- 9 || total
-------------------------+-------+-------+-------++-------
Melee: Short sword       |   141 |   341 |    64 ||   546
Evoke: Wand              |     4 |    26 |       ||    30
  Use: Scroll            |       |     5 |       ||     5
 Stab: Paralysed         |       |     2 |       ||     2
       Invisible         |       |     1 |       ||     1
  Eat: Chunk             |     3 |    10 |       ||    13
       Ration            |       |     3 |       ||     3
Armor: Chain mail        |   109 |   264 |    29 ||   402
       Leather armour    |     1 |       |       ||     1
Dodge: Dodged            |    58 |   179 |    24 ||   261

Table legend:
 A = Non-vault XP
 B = Vault XP
 C = Vault XP percentage of total XP
 D = Non-vault monster count
 E = Vault monster count
 F = Vault count percentage of total count
                 A         B        C        D         E       F
            +---------+---------+-------+---------+---------+-------
      Total |     510 |     114 |  18.3 |      70 |      21 |  23.1
            +---------+---------+-------+---------+---------+-------
        D:1 |      37 |       9 |  19.6 |      23 |       5 |  17.9
        D:2 |      41 |      58 |  58.6 |      12 |       9 |  42.9
        D:3 |     255 |      12 |   4.5 |      26 |       6 |  18.8
        D:4 |     177 |      35 |  16.5 |       9 |       1 |  10.0
            +---------+---------+-------+---------+---------+-------
